 Dungeon Crawl Stone Soup version 0.17-a0-1446-gc28613e (webtiles) character file.

857 Highscore the Cleaver (level 7, 0/52 HPs)
             Began as a Demonspawn Berserker on June 28, 2015.
             Was an Elder of Trog.
             Splashed by a jelly's acid (9 damage)
             ... on level 5 of the Dungeon.
             The game lasted 00:08:21 (4082 turns).

Highscore the Cleaver (Demonspawn Berserker)        Turns: 4082, Time: 00:08:22

Health: 0/52       AC: -13   Str: 17    XL:     7   Next: 70%
Magic:  7/7        EV: 11    Int: 10    God:    Trog [****..]
Gold:   252        SH:  0    Dex: 13    Spells: 0 memorised, 6 levels left

rFire  . . .     SeeInvis +     a - +0 hand axe
rCold  . . .     Clarity  +     s - +0 ring mail
rNeg   . . .     SustAt   .     (no shield)
rPois  .         Gourm    .     (no helmet)
rElec  .         Spirit   .     (no cloak)
rCorr  .         Warding  .     (gloves unavailable)
rMut   .         Stasis   .     E - +0 pair of boots
MR     .....                    p - amulet of clarity
Stlth  +.........               I - ring of wizardry
                                j - ring of see invisible

@: corroded equipment, not resistant to hostile enchantments, very unstealthy
A: claws 3, iridescent scales 1, demonic guardian 1
a: Burn Spellbooks, Berserk, Trog's Hand, Brothers in Arms, Renounce Religion


You were on level 5 of the Dungeon.
You worshipped Trog.
Trog was greatly pleased with you.
You were not hungry.

You visited 1 branch of the dungeon, and saw 5 of its levels.

You collected 252 gold pieces.

Inventory:

Hand weapons
 a - a +0 hand axe (weapon)
Armour
 b - a +0 animal skin
 s - a +0 ring mail (worn)
 v - a +0 pair of gloves
 E - a +0 pair of boots (worn)
Jewellery
 j - a ring of see invisible (left claw)
 p - an amulet of clarity (around neck)
 w - an uncursed amulet of stasis
 I - a ring of wizardry (right claw)
Magical devices
 x - a wand of disintegration (8)
 H - a wand of confusion (32)
Scrolls
 e - 4 scrolls of teleportation
 g - 2 scrolls of identify
 h - a scroll of random uselessness {unknown}
 m - a scroll of fog {unknown}
 n - a scroll of recharging {unknown}
 o - a scroll of enchant armour {unknown}
 q - 3 scrolls of noise {unknown}
 t - a scroll of amnesia {unknown}
 y - a scroll of magic mapping {unknown}
 z - a scroll of fear {unknown}
 B - a scroll of remove curse {unknown}
 D - a scroll of enchant weapon {unknown}
Potions
 d - a potion of haste {unknown}
 f - 5 potions of curing {unknown}
 i - a potion of mutation {unknown}
 k - a potion of degeneration {unknown}
 l - a potion of lignification {unknown}
 u - a potion of resistance {unknown}
 C - 2 potions of agility {unknown}
Comestibles
 c - 4 bread rations
 r - 3 beef jerkies
 A - a slice of pizza
 F - 5 fruits
 G - a chunk of flesh


   Skills:
 - Level 3.0 Fighting
 + Level 8.5 Axes
 - Level 1.7 Armour
 - Level 1.7 Dodging


You had 6 spell levels left.
You didn't know any spells.

Dungeon Overview and Level Annotations

Branches:
Dungeon (5/15)             Temple (0/1) D:4

Altars:
Ashenzari
Dithmenos
Gozag
Sif Muna


Innate Abilities, Weirdness & Mutations

You have claws for hands.
You are partially covered in iridescent scales (AC +4).
A weak demonic guardian rushes to your aid.


Message History

You hit the jelly.
Your claws burn!
The jelly is heavily wounded.
The jelly hits you.
You are splashed with acid!
The acid corrodes you!
The acid burns!
You hit the jelly. The acid corrodes you!
Your claws burn!
The jelly is almost dead.
The jelly hits you.
You are splashed with acid!
The acid corrodes you!
The acid burns!
You hit the jelly but do no damage. The acid corrodes you!
Your claws burn!
* * * LOW HITPOINT WARNING * * *
The jelly is almost dead.
You are too injured to fight recklessly!
You are too injured to fight recklessly!
You hit the jelly but do no damage.
Your claws burn!
* * * LOW HITPOINT WARNING * * *
The jelly is almost dead.
The jelly hits you.
* * * LOW HITPOINT WARNING * * *
You are splashed with acid!
The acid corrodes you!
The acid burns!
You die...

.# # .# . #.≈ ..# #. .≈
#####.#### ###.### ###≈
#........# # .....# ..≈##
##.#$#..#.###.##.#.#
#≈≈#######.........).........
#.##.......@.##.# #.##.#.#
#.......#..#J# #......#
#.......#...... ###.....
#.##.#.##.###### #..###
######.##.#.##.. #..###
..........#.#### #...##
............# #.#.##
.###.###..### #.#.## ...#.#
..# #.....


You could see a jelly.

Vanquished Creatures
  A deep elf mage (D:5)
  A sky beast (D:5)
  A scorpion (D:4)
  3 hounds
  2 orc wizards
  A worker ant (D:4)
  An orc priest (D:3)
  An iguana (D:4)
  3 gnolls (D:4)
  7 adders
  2 worms (D:3)
  2 giant geckos (D:1)
  13 orcs
  3 giant cockroaches
  16 goblins
  16 hobgoblins
  7 jackals
  4 quokkas
  2 ball pythons
  A ball python skeleton (D:5)
  12 bats
  4 giant newts
  5 kobolds
  A quokka skeleton (D:4)
  5 rats
114 creatures vanquished.

Vanquished Creatures (collateral kills)
  The ghost of afx the Slasher, an average FoFi (D:3)
  2 orc wizards
  3 orcs
  A goblin (D:3)
  A bat (D:4)
8 creatures vanquished.

Grand Total: 122 creatures vanquished

Notes
Turn   | Place    | Note
--------------------------------------------------------------
     0 | D:1      | Highscore the Demonspawn Berserker began the quest for the Orb.
     0 | D:1      | Reached XP level 1. HP: 18/18 MP: 1/1
   364 | D:1      | Gained mutation: You are partially covered in iridescent scales (AC +4). [demonic ancestry]
   364 | D:1      | Reached XP level 2. HP: 24/24 MP: 2/2
   933 | D:1      | Acquired Trog's second power
   965 | D:2      | Gained mutation: You have sharp fingernails. [demonic ancestry]
   965 | D:2      | Reached XP level 3. HP: 29/29 MP: 3/3
  1058 | D:2      | Found an opulent altar of Gozag.
  1205 | D:2      | Reached skill level 4 in Axes
  1683 | D:2      | Gained mutation: A weak demonic guardian rushes to your aid. [demonic ancestry]
  1683 | D:2      | Reached XP level 4. HP: 35/35 MP: 4/4
  2250 | D:3      | Reached skill level 5 in Axes
  2288 | D:3      | Noticed afx's ghost (average FoFi)
  2338 | D:3      | Gained mutation: You have very sharp fingernails. [demonic ancestry]
  2338 | D:3      | Reached XP level 5. HP: 19/41 MP: 5/5
  2486 | D:3      | Found a shattered altar of Ashenzari.
  2490 | D:3      | Saw a vision of the Swamp and the Snake Pit.
  2490 | D:3      | Noticed a naga warrior
  2490 | D:3      | Noticed a naga
  2490 | D:3      | Noticed a naga
  2490 | D:3      | Noticed an alligator
  2491 | D:3      | Noticed a water moccasin
  2491 | D:3      | Noticed a naga
  2492 | D:3      | Noticed a mana viper
  2492 | D:3      | Noticed an alligator
  2492 | D:3      | Noticed a giant frog
  2492 | D:3      | Noticed a naga warrior
  2518 | D:3      | Killed afx's ghost
  2518 | D:3      | Reached skill level 6 in Axes
  2787 | D:4      | Found a staircase to the Ecumenical Temple.
  2816 | D:4      | Gained mutation: You have claws for hands. [demonic ancestry]
  2816 | D:4      | Reached XP level 6. HP: 32/47 MP: 6/6
  3020 | D:4      | Found a shadowy altar of Dithmenos.
  3033 | D:4      | Found a shattered altar of Ashenzari.
  3244 | D:4      | Acquired Trog's third power
  3251 | D:4      | Reached skill level 7 in Axes
  3698 | D:4      | Reached XP level 7. HP: 44/52 MP: 7/7
  3722 | D:4      | Found a deep blue altar of Sif Muna.
  3875 | D:5      | Entered Level 5 of the Dungeon
  3875 | D:5      | Noticed a deep elf mage
  3879 | D:5      | Killed a deep elf mage
  3883 | D:5      | Reached skill level 8 in Axes
  4082 | D:5      | Splashed by a jelly's acid

Vault maps used:
D:1:      dpeg_arrival_chambers_temple_mockup, grunt_decor_one_mirror
D:2:      grunt_gozag_statues, first_bread
D:3:      grunt_ashenzari_visionary
D:4:      nicolae_overflow_hidden_temple, gammafunk_temple_overflow_pools,
          temple_pool_b, roderic_roman_lattice
D:5:      okawaru_ov_weapons_minmay, lightli_temple_of_fire, st_stairs_7,
          minmay_misc_feat_roman

Action                   |  1- 3 |  4- 6 |  7- 9 || total
-------------------------+-------+-------+-------++-------
Melee: Hand axe          |   133 |   234 |    60 ||   427
Invok: Berserk           |     3 |     5 |     1 ||     9
  Use: Scroll            |       |     2 |       ||     2
 Stab: Distracted        |       |     1 |       ||     1
  Eat: Chunk             |     5 |     7 |     3 ||    15
       Meat ration       |       |     1 |       ||     1
